 Dungeon Sprint DCSS version 0.31.0-32-g396128a36d (webtiles) character file.

Game seed: 12331378999689105064

340 Heoruswealwe the Spear-Bearer (level 6, -3/62 HPs)
             Began as a Minotaur Fighter on Mar 8, 2024.
             Was an Initiate of Gozag.
             Slain by an orc warrior
             ... wielding a +0 glaive
              (8 damage)
             ... in the Dungeon (Sprint IX: "|||||||||||||||||||||||||||||").
             The game lasted 00:01:04 (127 turns).

Heoruswealwe the Spear-Bearer (Minotaur Fighter)     Turns: 127, Time: 00:01:06

Health: -3/62      AC:  8    Str: 22    XL:     6   Next: 30%
Magic:  5/5        EV:  9    Int:  5    God:    Gozag
Gold:   0          SH:  4    Dex: 10    Spells: 5/5 levels left

rFire   . . .        a - +0 trident
rCold   . . .        d - +0 buckler
rNeg    . . .        c - +0 scale mail
rPois   .            (helmet restricted)
rElec   .            (no cloak)
rCorr   .            (no gloves)
SInv    .            (no boots)
Will    .....        (no amulet) Stlth
                     (no ring)
HPRegen 0.30/turn    (no ring)
MPRegen 0.09/turn

%: no teleportation
@: gold aura
A: horns 2, retaliatory headbutt
a: Renounce Religion, Potion Petition, Call Merchant, Bribe Branch


You were in the Dungeon.
You worshipped Gozag.
Gozag was noncommittal.
You visited 1 branch

Inventory:

Hand Weapons
 a - a +0 trident (weapon)
Armour
 c - a +0 scale mail (worn)
 d - a +0 buckler (worn)
Jewellery
 k - a +3 ring of strength
 l - a +3 ring of strength
Wands
 h - a wand of quicksilver (10)
Scrolls
 j - 2 scrolls of blinking
Potions
 b - a potion of might
 e - 5 potions of curing
 f - 3 potions of heal wounds
 g - a potion of haste
 i - a potion of berserk rage


   Skills:
 + Level 8.8 Fighting
 * Level 11.5 Polearms
 + Level 8.9 Armour
 - Level 3.6 Shields


You had 5 spell levels left.
You didn't know any spells.
Your spell library was empty.

Dungeon Overview and Level Annotations

Branches:
Dungeon (1/1)

Altars:
Cheibriados
Dithmenos
Elyvilon
Fedhas
Gozag
Hepliaklqana
Kikubaaqudgha
Makhleb
Nemelex Xobeh
Okawaru
Qazlal
Ru
Sif Muna
Trog
Uskayaw
Vehumet
Wu Jian
Xom
Yredelemnul
Zin
The Shining One
Jiyva
Lugonu


Innate Abilities, Weirdness & Mutations

You have a pair of horns on your head.
You reflexively headbutt those who attack you in melee.


Message History

The orc warrior is no longer distracted by gold.
You headbutt the orc warrior, but do no damage.
The orc warrior is heavily wounded.
The orc warrior hits you with a +0 short sword.
* * * LOW HITPOINT WARNING * * *
You hit the orc warrior.
The orc warrior is heavily wounded.
You barely miss the orc warrior. You headbutt the orc warrior.
The orc warrior is severely wounded.
The orc warrior hits you but does no damage.
You closely miss the orc warrior. Your headbutt misses the orc warrior.
The orc warrior is severely wounded.
The orc warrior closely misses you. You furiously retaliate!
You headbutt the orc warrior. You hit the orc warrior.
The orc warrior is severely wounded.
The orc warrior hits you with a +0 short sword.
* * * LOW HITPOINT WARNING * * *
You hit the orc warrior. Your headbutt misses the orc warrior.
The orc warrior is almost dead.
You hit the orc warrior.
The orc warrior is almost dead.
The orc warrior hits you with a +0 short sword.
* * * LOW HITPOINT WARNING * * *
You hit the orc warrior.
You kill the orc warrior!
Your Polearms skill increases to level 11!
You have reached level 6!
You closely miss the gargoyle. The gargoyle barely misses you.
You block the orc warrior's attack.
You hit the gargoyle.
You headbutt the gargoyle, but do no damage.
The gargoyle is lightly damaged.
You barely miss the gargoyle.
You headbutt the gargoyle, but do no damage.
The gargoyle is lightly damaged.
You block the gargoyle's attack.
The orc warrior hits you from afar with a +0 glaive!
You die...
Your body crumbles into a pile of gold. ▓▓▓▓▓▓▓▓▓▓▓▓▓▓▓▓▓▓▓▓▓▓▓ _____'!?).[[[..$@9oT..+ ▓▓▓▓▓▓▓▓▓▓▓▓▓▓▓▓▓▓▓▓▓▓▓

You could see a troll, an orc warrior and a gargoyle.

Vanquished Creatures
  2 orc warriors (D)
  A centaur (D)
  A scorpion (D)
  An adder (D)
  A shadow imp (D)
  2 dart slugs (D)
  An orc (D)
  A bat (D)
  An endoplasm (D)
  A goblin (D)
  A kobold (D)
13 creatures vanquished.

Notes
Turn   | Place    | Note
-------+----------+-------------------------------------------
     0 | D        | Heoruswealwe the Minotaur Fighter began the quest for the
                  | Orb.
     0 | D        | Reached XP level 1. HP: 19/19 MP: 0/0
     5 | D        | Reached skill level 3 in Polearms
    15 | D        | Reached skill level 4 in Polearms
    21 | D        | Noticed a scorpion
    26 | D        | Reached XP level 2. HP: 27/28 MP: 1/1
    34 | D        | Killed a scorpion
    35 | D        | Reached skill level 7 in Polearms
    35 | D        | Reached XP level 3. HP: 27/37 MP: 2/2
    35 | D        | Reached XP level 4. HP: 32/44 MP: 3/3
    52 | D        | Found a snail-covered altar of Cheibriados.
    52 | D        | Found a shadowy altar of Dithmenos.
    52 | D        | Found a white marble altar of Elyvilon.
    52 | D        | Found a blossoming altar of Fedhas.
    52 | D        | Found an opulent altar of Gozag.
    53 | D        | Found a hazy altar of Hepliaklqana.
    54 | D        | Found a viscous altar of Jiyva.
    55 | D        | Found an ancient bone altar of Kikubaaqudgha.
    56 | D        | Found a corrupted altar of Lugonu.
    57 | D        | Found a burning altar of Makhleb.
    58 | D        | Found a sparkling altar of Nemelex Xobeh.
    59 | D        | Found an iron altar of Okawaru.
    60 | D        | Became a worshipper of Gozag Ym Sagoz the Greedy
    61 | D        | Found a stormy altar of Qazlal.
    62 | D        | Found a sacrificial altar of Ru.
    63 | D        | Found a shimmering blue altar of Sif Muna.
    64 | D        | Found a bloodstained altar of Trog.
    65 | D        | Found a hide-covered altar of Uskayaw.
    66 | D        | Found a radiant altar of Vehumet.
    67 | D        | Found an ornate altar of the Wu Jian Council.
    68 | D        | Found a shimmering altar of Xom.
    69 | D        | Found a basalt altar of Yredelemnul.
    70 | D        | Found a glowing silver altar of Zin.
    71 | D        | Found a glowing golden altar of the Shining One.
    96 | D        | Noticed a centaur
    96 | D        | Noticed an orc warrior
    96 | D        | Noticed an orc warrior
    96 | D        | Noticed a gargoyle
    96 | D        | Noticed an orc warrior
    96 | D        | Noticed a troll
   102 | D        | Killed a centaur
   103 | D        | Reached skill level 9 in Polearms
   103 | D        | Reached XP level 5. HP: 22/52 MP: 4/4
   108 | D        | Killed an orc warrior
   109 | D        | Reached skill level 10 in Polearms
   124 | D        | Killed an orc warrior
   125 | D        | Reached skill level 11 in Polearms
   125 | D        | Reached XP level 6. HP: 5/62 MP: 5/5
   127 | D        | Slain by an orc warrior

Illustrated notes

Levels and vault maps discovered:
D:        linesprint [early_d, line_temple, items_1, d_10, items_2, lair_1,
          lair_end, items_3, orc_1, orc_end, items_4, d_15, swamp_1, shoals_1,
          snake_1, spider_1, d_20, vaults_1, items_5, swamp_end, shoals_end,
          snake_end, spider_end, vaults_end, d_27, items_6, zot_1, zot_end,
          crypt_end, forest_end, elf_end, slime_end, tomb_end, abyss_end,
          pan_hell_end]

Skill      XL: |  1  2  3  4  5 |
---------------+----------------+-----
Polearms       | 4 7 9 11 | 11.5
Fighting       | 4 6 7 8 |  8.8
Armour         | 4 6 7 8 |  8.9
Shields        | |  3.6

Action                     |  1- 3 |  4- 6 || total
---------------------------+-------+-------++-------
  Melee: Trident           |    21 |    36 ||    57
         Headbutt          |     2 |     6 ||     8
 Armour: Scale mail        |    10 |    24 ||    34
  Dodge: Dodged            |     8 |    14 ||    22
  Block: Buckler           |     3 |     7 ||    10
